[Event "Titled Tuesday Blitz October 11 Early 2022"]
[White "Sanchez, Robert"]
[Black "Demin, Vladimir"]
[WhiteFideId "2034360"]
[BlackFideId "4167457"]
[WhiteElo "2436"]
[BlackElo "2567"]
[Result "0-1"]
[Round "10"]
[TimeControl "180+1"]
[Date "2022.10.12"]
[WhiteClock "0:01:12"]
[BlackClock "0:01:40"]

1. e4 Nf6 2. e5 Nd5 3. Nc3 Nxc3 4. dxc3 d6 5. exd6 cxd6 6. Nf3 Nc6 7. Bc4 e6 8. O-O d5 9. Bd3 Bd6 10. Re1 h6 11. Bd2 O-O 12. Qc1 f5 13. c4 d4 14. a3 e5 15. c5 Bc7 16. b4 e4 17. Bc4+ Kh7 18. Ng5+ hxg5 19. Bxg5 Qe8 20. Bf4 Bxf4 21. Qxf4 Qg6 22. Rxe4 fxe4 23. Qxf8 Bh3 24. Bg8+ Kh8 25. Bf7+ Rxf8 26. Bxg6 Bf5 27. Bxf5 Rxf5 28. Re1 Re5 29. Rd1 a6 30. Kf1 Kg8 31. Ke2 Kf7 32. Rb1 Ke6 33. Rc1 Kd5 34. c3 Re7 35. c4+ Ke5 36. b5 d3+ 37. Ke3 Nd4 38. f4+ exf3 39. gxf3 d2 40. Rd1 Nb3 41. Kd3 Rd7+ 42. Kc3 Nxc5 43. Rxd2 Rxd2 44. Kxd2 Kd4 0-1


[Site "https://www.chess.com"]

[Event "Titled Tuesday Blitz October 11 Early 2022"]
[White "Sarana, Alexey"]
[Black "Visakh N R"]
[WhiteFideId "24133795"]
[BlackFideId "25012223"]
[WhiteElo "2689"]
[BlackElo "2466"]
[Result "1-0"]
[Round "10"]
[TimeControl "180+1"]
[Date "2022.10.11"]
[WhiteClock "0:00:07"]
[BlackClock "0:00:19"]

1. c4 c5 2. Nf3 Nf6 3. Nc3 Nc6 4. d4 cxd4 5. Nxd4 g6 6. e4 d6 7. Be2 Bg7 8. Be3 O-O 9. O-O Nxd4 10. Bxd4 Be6 11. Qd2 Qa5 12. Rfd1 Rfc8 13. b3 a6 14. Bxf6 Bxf6 15. Nd5 Qxd2 16. Nxf6+ exf6 17. Rxd2 b5 18. cxb5 axb5 19. Rad1 b4 20. f3 f5 21. Bd3 fxe4 22. Bxe4 Ra5 23. Kf2 Kg7 24. Bb1 d5 25. g4 h5 26. gxh5 Bf5 27. Bxf5 gxf5 28. Kg3 d4 29. Rxd4 Rxa2 30. Rxb4 Rcc2 31. h4 Rh2 32. Rg1 Kh6 33. Rb5 Rhb2 34. Rb6+ Kh7 35. Rb7 Kh6 36. Rxf7 Rxb3 37. Rc1 Rb6 38. Rxf5 Ra7 39. Rc4 Rg7+ 40. Rg4 Rb3 41. Rf6+ Kh7 42. Rxg7+ Kxg7 43. Re6 Rb1 44. h6+ Kh7 45. Kg4 Rb5 46. f4 Rb7 47. f5 Rb1 48. Kh5 Rg1 49. Re7+ Kh8 50. f6 Rf1 51. Kg6 Rg1+ 52. Kf7 Rf1 53. Re6 Ra1 54. Kf8 Ra7 55. f7 Kh7 56. Ke8 Ra8+ 57. Ke7 Ra7+ 58. Kf6 Ra8 59. Re8 Rxe8 60. fxe8=Q Kxh6 61. Qh8# 1-0


[Site "https://www.chess.com"]

[Event "Titled Tuesday Blitz October 11 Early 2022"]
[White "Saucey, Michel"]
[Black "Azadaliyev, Jahandar"]
[WhiteFideId "601845"]
[BlackFideId "13425811"]
[WhiteElo "2253"]
[BlackElo "2204"]
[Result "0-1"]
[Round "10"]
[TimeControl "180+1"]
[Date "2022.10.12"]
[WhiteClock "0:00:02"]
[BlackClock "0:00:48"]

1. d4 Nf6 2. Nf3 e6 3. c4 b6 4. g3 Ba6 5. b3 Bb4+ 6. Bd2 Be7 7. Nc3 Bb7 8. Qc2 d5 9. cxd5 Nxd5 10. Bg2 O-O 11. O-O Nc6 12. a3 Bf6 13. e3 Nce7 14. Rac1 Rc8 15. b4 c5 16. dxc5 bxc5 17. b5 Nxc3 18. Bxc3 Bxc3 19. Qxc3 Nd5 20. Qb2 c4 21. Nd4 c3 22. Qb3 Qf6 23. Rc2 Rfd8 24. Rfc1 h5 25. h3 Qe5 26. Nf3 Qf6 27. Nd4 Qg6 28. Nc6 Bxc6 29. bxc6 Rxc6 30. e4 Nf6 31. e5 Nd5 32. Bxd5 Rxd5 33. Rxc3 Rxc3 34. Qxc3 Qe4 35. Re1 Qf5 36. Re3 Qxh3 37. Qc8+ Kh7 38. Qc2+ g6 39. Rf3 Kg7 40. Qe2 Qg4 41. Kg2 Ra5 42. Qe3 Rd5 43. Rf4 Qd1 44. Rf3 Rd7 45. Qf4 Qd5 46. Qf6+ Kg8 47. Kh2 Qc4 48. Rf4 Qc7 49. g4 Rd1 50. gxh5 Qb7 51. Rf3 gxh5 52. Rg3+ Kf8 53. Qh8+ Ke7 54. Qf6+ Kd7 55. Qxf7+ Kc6 56. Qxb7+ Kxb7 57. Rg7+ Kc6 58. Rh7 Rd2 59. Kg3 Rd3+ 60. f3 Rxa3 61. Rxh5 Kd5 0-1


[Site "https://www.chess.com"]

[Event "Titled Tuesday Blitz October 11 Early 2022"]
[White "Schut, Han"]
[Black "Fernandez Hernandez, Gerardo"]
[WhiteFideId "1005561"]
[BlackFideId "2207400"]
[WhiteElo "2024"]
[BlackElo "2148"]
[Result "1-0"]
[Round "10"]
[TimeControl "180+1"]
[Date "2022.10.12"]
[WhiteClock "0:00:01"]
[BlackClock "0:00:01"]

1. e4 e6 2. d4 d5 3. e5 c5 4. c3 Nc6 5. Nf3 Qb6 6. Bd3 Nh6 7. O-O cxd4 8. cxd4 Nf5 9. Bxf5 exf5 10. Nc3 Be6 11. h4 Be7 12. Ne2 O-O 13. Nf4 Rac8 14. h5 h6 15. b3 a5 16. Be3 a4 17. bxa4 Na5 18. Rb1 Qa6 19. Rb5 Rfd8 20. Qb1 Rc6 21. Bd2 Nc4 22. Rxb7 Rb6 23. Rxb6 Nxb6 24. Qb5 Ra8 25. Rb1 Nxa4 26. Nxd5 Bxd5 27. Qxd5 Rd8 28. Qb7 Qxb7 29. Rxb7 Bf8 30. Kf1 Rc8 31. Ke2 Rc2 32. Kd3 Rxa2 33. Rb8 Nb2+ 34. Kc3 Nd1+ 35. Kb3 Rb2+ 36. Kc4 Rxb8 37. d5 Nxf2 38. d6 Ne4 39. Bb4 Rc8+ 40. Kd5 Ng5 41. Nd4 Ne6 42. Nxf5 1-0


[Site "https://www.chess.com"]

[Event "Titled Tuesday Blitz October 11 Early 2022"]
[White "Shandrygin, Nikita"]
[Black "Boraso, Alessio"]
[WhiteFideId "24198668"]
[BlackFideId "848077"]
[WhiteElo "2323"]
[BlackElo "2286"]
[Result "1-0"]
[Round "10"]
[TimeControl "180+1"]
[Date "2022.10.12"]
[WhiteClock "0:00:11"]
[BlackClock "0:00:02"]

1. e4 e6 2. d4 d5 3. Nd2 Nf6 4. e5 Nfd7 5. f4 c5 6. c3 Nc6 7. Ndf3 Qb6 8. h4 cxd4 9. cxd4 Bb4+ 10. Kf2 h5 11. g3 a5 12. Kg2 a4 13. a3 Be7 14. f5 exf5 15. Nh3 Nf8 16. Nf4 Be6 17. Bd3 g6 18. Bc2 Qa6 19. Bd2 b5 20. b3 Nd7 21. Bd3 Qb6 22. b4 Rc8 23. Rc1 Qb7 24. Qe2 Rb8 25. Be3 Na7 26. Ng5 Bxg5 27. hxg5 Ke7 28. g4 hxg4 29. Rh6 Rxh6 30. gxh6 Rh8 31. Rh1 Nc6 32. h7 Nf8 33. Qf2 Ke8 34. Qh4 Ne7 35. Qf6 Rxh7 36. Rxh7 Nxh7 37. Qg7 Nf8 38. Nxe6 Nxe6 39. Qh8+ Nf8 40. Bh6 Kd7 41. Qxf8 Qc8 42. Qxf7 Qc3 43. e6+ Kd6 44. Bf4+ Kc6 45. Qxe7 Qb2+ 46. Kg3 Qxa3 47. Qd6+ Kb7 48. Qc7+ Ka6 49. Qb8 Qxd3+ 50. Kh4 Qh3+ 51. Kg5 Qh5+ 52. Kf6 Qh4+ 53. Bg5 Qe1 54. Qa8+ Kb6 55. e7 g3 56. e8=Q Qxe8 57. Qxe8 g2 58. Qe1 f4 59. Bxf4 g5 60. Be3 1-0


[Site "https://www.chess.com"]

[Event "Titled Tuesday Blitz October 11 Early 2022"]
[White "Shipov, Sergei"]
[Black "Andreikin, Dmitry"]
[WhiteFideId "4113624"]
[BlackFideId "4158814"]
[WhiteElo "2790"]
[BlackElo "2736"]
[Result "0-1"]
[Round "10"]
[TimeControl "180+1"]
[Date "2022.10.11"]
[WhiteClock "0:01:16"]
[BlackClock "0:01:46"]

1. d4 d5 2. c4 e6 3. Nc3 c5 4. cxd5 cxd4 5. Qa4+ Bd7 6. Qxd4 exd5 7. Nf3 Nc6 8. Qxd5 Nf6 9. Qd1 Bc5 10. a3 Qe7 11. Bg5 h6 12. Bxf6 Qxf6 13. e3 O-O-O 14. Be2 Kb8 15. O-O Bf5 16. Qa4 g5 17. Rad1 g4 18. Nd2 Qg6 19. Nde4 Bb6 20. Rxd8+ Rxd8 21. Rd1 Nd4 22. exd4 Bxe4 23. d5 Bc2 24. Qxg4 Qxg4 25. Bxg4 Bxd1 26. Bxd1 Bd4 27. Kf1 Bxc3 28. bxc3 Rxd5 29. Bb3 Rd3 30. Bxf7 Rxc3 31. a4 Ra3 32. Be8 Kc7 33. Ke2 Kd8 0-1


[Site "https://www.chess.com"]

[Event "Titled Tuesday Blitz October 11 Early 2022"]
[White "Silvestre, Christian"]
[Black "Mohammadian, Mohammad"]
[WhiteFideId "30956269"]
[BlackFideId "12566055"]
[WhiteElo "2343"]
[BlackElo "1489"]
[Result "1-0"]
[Round "10"]
[TimeControl "180+1"]
[Date "2022.10.12"]
[WhiteClock "0:01:32"]
[BlackClock "0:00:01"]

1. Nf3 Nf6 2. b3 g6 3. Bb2 Bg7 4. e3 O-O 5. c4 c6 6. Be2 d5 7. O-O Nbd7 8. d3 Re8 9. cxd5 cxd5 10. Nbd2 e5 11. Rc1 b6 12. d4 e4 13. Ne1 Bb7 14. Nc2 Rc8 15. Nb4 Rxc1 16. Qxc1 Qc8 17. Qb1 Qb8 18. Rc1 Rc8 19. Na6 Rxc1+ 20. Qxc1 Qc8 21. Qxc8+ Bxc8 22. Nc7 Bb7 23. Bb5 Nf8 24. Ba3 Ne6 25. Na6 Bxa6 26. Bxa6 Ne8 27. Nb1 N8c7 28. Be2 Bf8 29. Bxf8 Kxf8 30. Kf1 Ke7 31. Ke1 Kd6 32. Kd2 b5 33. Kc3 a6 34. a4 bxa4 35. bxa4 Kc6 36. Kb4 Kb6 37. a5+ Kb7 38. Nc3 g5 39. Bd1 h6 40. Bb3 f5 41. Nxd5 f4 42. Nf6 fxe3 43. fxe3 Ng7 44. Kc3 Nf5 45. Kd2 Nd6 46. Ba2 Ncb5 47. Bd5+ Kc7 48. Nxe4 Nxe4+ 49. Bxe4 Kd6 50. Bd3 Nc7 51. e4 Ne6 52. Kc3 Nf4 53. Bf1 Kc7 54. g3 Ne6 55. Bxa6 Nd8 56. Bb5 Ne6 57. Bc4 Nd8 58. a6 Kb6 59. d5 1-0


[Site "https://www.chess.com"]

[Event "Titled Tuesday Blitz October 11 Early 2022"]
[White "Siva Mahadevan"]
[Black "Di Nicolantonio, Lucas"]
[WhiteFideId "25043153"]
[BlackFideId "680460"]
[WhiteElo "2249"]
[BlackElo "2381"]
[Result "0-1"]
[Round "10"]
[TimeControl "180+1"]
[Date "2022.10.11"]
[WhiteClock "0:01:48"]
[BlackClock "0:01:03"]

1. e4 g6 2. d4 Bg7 3. Nc3 d6 4. Bg5 a6 5. f4 b5 6. Nf3 Nd7 7. Bd3 Bb7 8. O-O c5 9. e5 cxd4 10. Ne4 f6 11. Bh4 Nh6 12. Nxd4 dxe5 13. fxe5 Nxe5 14. Bf2 Qd5 15. Nf3 Nxd3 16. cxd3 O-O 17. Re1 Ng4 18. Bc5 Rfe8 19. h3 Ne5 20. Nxe5 Qxe5 21. d4 Qd5 22. Qd2 Rad8 23. Nc3 Qxc5 0-1


[Site "https://www.chess.com"]

[Event "Titled Tuesday Blitz October 11 Early 2022"]
[White "Skibbe, Willi"]
[Black "Przybylski, Wojciech"]
[WhiteFideId "4682190"]
[BlackFideId "1117599"]
[WhiteElo "2338"]
[BlackElo "2221"]
[Result "0-1"]
[Round "10"]
[TimeControl "180+1"]
[Date "2022.10.12"]
[WhiteClock "0:00:04"]
[BlackClock "0:00:05"]

1. Nf3 Nf6 2. c4 c6 3. d4 d5 4. Nbd2 Bf5 5. Nh4 Be6 6. e3 g5 7. Nhf3 Rg8 8. Qb3 Qc7 9. Bd3 Nbd7 10. e4 g4 11. Nh4 g3 12. hxg3 Rxg3 13. fxg3 Qxg3+ 14. Kd1 Ng4 15. Rh3 Nf2+ 16. Kc2 Bxh3 17. gxh3 Qxh4 18. exd5 Qxh3 19. dxc6 bxc6 20. Ne4 Nxd3 21. Qxd3 Qxd3+ 22. Kxd3 O-O-O 23. Be3 e5 24. Kc3 exd4+ 25. Bxd4 c5 26. Be3 Bg7+ 27. Kc2 Ne5 28. Rg1 Nxc4 29. Bxc5 Bd4 30. Bxd4 Rxd4 31. Rg4 Ne3+ 32. Kc3 Rc4+ 33. Kd3 Nxg4 34. Kxc4 Kd7 35. Ng5 h5 36. Nxf7 Ke6 37. Ng5+ Kf5 38. Nh3 Ne5+ 39. Kd5 Kg4 40. Nf2+ Kf3 41. Nh3 Ng6 42. b4 Nf4+ 43. Nxf4 Kxf4 44. b5 h4 45. a4 h3 46. a5 h2 47. b6 h1=Q+ 48. Kd6 axb6 49. axb6 Qb7 50. Kc5 Ke5 0-1


[Site "https://www.chess.com"]

[Event "Titled Tuesday Blitz October 11 Early 2022"]
[White "Slaby, Jerzy"]
[Black "Dwilewicz, Katarzyna"]
[WhiteFideId "1121405"]
[BlackFideId "1148486"]
[WhiteElo "2533"]
[BlackElo "2023"]
[Result "1-0"]
[Round "10"]
[TimeControl "180+1"]
[Date "2022.10.12"]
[WhiteClock "0:00:11"]
[BlackClock "0:00:02"]

1. e4 c5 2. Nc3 d6 3. Nf3 Nf6 4. d4 cxd4 5. Qxd4 a6 6. Bg5 Nc6 7. Qd2 e6 8. O-O-O Be7 9. h4 b5 10. Bd3 Bb7 11. Kb1 Rc8 12. Ne2 h6 13. Bxf6 Bxf6 14. g4 Be7 15. g5 h5 16. g6 Bf6 17. Nf4 Ne5 18. gxf7+ Kxf7 19. Qe2 Qa5 20. Ng5+ Bxg5 21. hxg5 g6 22. Nxh5 gxh5 23. Rxh5 Qd8 24. Rdh1 Rxh5 25. Qxh5+ Ke7 26. f4 Qg8 27. fxe5 dxe5 28. g6 Qg7 29. Qg5+ Kd6 30. Rh7 Qf8 31. Qd2 Kc6 32. a4 Kb6 33. g7 Qg8 34. Qf2+ Ka5 35. Qd2+ Kb6 36. Qf2+ Ka5 37. Qh4 Rc7 38. axb5 axb5 39. Qe1+ Kb6 40. Qf2+ Ka5 41. Rh8 Qxg7 42. Qd2+ Kb6 43. Rh1 Rd7 44. Qe3+ Kc7 45. Qc5+ Bc6 46. Bxb5 Rd6 47. Qa7+ Bb7 48. Rc1 Qe7 49. Qc5+ Bc6 50. Bxc6 Rxc6 51. Qxe7+ 1-0


[Site "https://www.chess.com"]

[Event "Titled Tuesday Blitz October 11 Early 2022"]
[White "Smietanska, Wiktoria"]
[Black "Chernomordik, Pavel"]
[WhiteFideId "21869359"]
[BlackFideId "2804530"]
[WhiteElo "1854"]
[BlackElo "2217"]
[Result "1/2-1/2"]
[Round "10"]
[TimeControl "180+1"]
[Date "2022.10.12"]
[WhiteClock "0:00:43"]
[BlackClock "0:00:34"]

1. c4 g6 2. Nc3 Bg7 3. g3 e5 4. Bg2 Nc6 5. e3 d6 6. Nge2 Be6 7. b3 Qd7 8. d4 Bh3 9. O-O Bxg2 10. Kxg2 Nge7 11. Bb2 O-O 12. Qd2 exd4 13. exd4 Nf5 14. f4 Ncxd4 15. Nxd4 Bxd4 16. Nd5 Bxb2 17. Qxb2 f6 18. Nxf6+ Rxf6 19. Qxf6 Ne3+ 20. Kg1 Nxf1 21. Rxf1 Re8 22. Qd4 b6 23. Qd5+ Qe6 24. Re1 Qxd5 25. Rxe8+ Kf7 26. cxd5 Kxe8 27. Kf2 Kd7 28. Ke3 c5 29. a4 a6 30. Ke4 b5 31. axb5 axb5 32. g4 Ke7 33. h3 h6 34. Kd3 Kf6 35. Ke4 g5 36. f5 b4 37. Kd3 h5 38. Ke4 h4 39. Kd3 Ke5 40. Kc4 Kf6 41. Kd3 Ke5 42. Kc4 1/2-1/2


[Site "https://www.chess.com"]

[Event "Titled Tuesday Blitz October 11 Early 2022"]
[White "Sohier, Julien"]
[Black "Jovic, Stanoje"]
[WhiteFideId "645346"]
[BlackFideId "905020"]
[WhiteElo "2209"]
[BlackElo "2238"]
[Result "0-1"]
[Round "10"]
[TimeControl "180+1"]
[Date "2022.10.12"]
[WhiteClock "0:01:12"]
[BlackClock "0:01:18"]

1. e4 c6 2. Nf3 d5 3. d3 dxe4 4. dxe4 Qxd1+ 5. Kxd1 Bg4 6. Be2 Bxf3 7. Bxf3 h5 8. a4 g6 9. a5 Bh6 10. Bxh6 Nxh6 11. Nd2 Ng4 12. Ke2 Nd7 13. Nc4 Nge5 14. Nxe5 Nxe5 15. b3 O-O-O 16. Rhd1 Rxd1 17. Rxd1 Rd8 18. Rxd8+ Kxd8 19. Ke3 c5 20. Be2 Nc6 21. a6 b6 22. c3 Kc7 23. Kf4 f6 24. g4 hxg4 25. Kxg4 Ne5+ 26. Kg3 Kc6 27. f4 Nf7 28. c4 e5 29. f5 g5 30. h4 gxh4+ 31. Kxh4 Kd6 32. Kh5 Ke7 33. Kg6 Nd8 34. Kh5 Nc6 35. Kg4 Nb8 36. Kf3 Nxa6 37. Ke3 Kf8 38. Bh5 Nb4 39. Kd2 Nc6 40. Kc3 a5 41. Bg6 Kg7 42. Be8 Nd4 43. Bd7 Kh6 44. Bc8 Kg5 45. Bb7 Kf4 0-1


[Site "https://www.chess.com"]

[Event "Titled Tuesday Blitz October 11 Early 2022"]
[White "Sovetbekova, Nurai"]
[Black "Cramling Bellon, Anna"]
[WhiteFideId "13801910"]
[BlackFideId "32009232"]
[WhiteElo "1925"]
[BlackElo "1972"]
[Result "0-1"]
[Round "10"]
[TimeControl "180+1"]
[Date "2022.10.12"]
[WhiteClock "0:00:04"]
[BlackClock "0:00:06"]

1. d4 Nf6 2. c4 e6 3. g3 d5 4. Bg2 Bb4+ 5. Nd2 c6 6. Nf3 dxc4 7. O-O b5 8. a3 Bd6 9. Qc2 Bb7 10. e4 Be7 11. e5 Nd5 12. Ne4 O-O 13. Nfg5 g6 14. Nh3 Nd7 15. Bh6 Re8 16. Nhg5 c5 17. Rad1 cxd4 18. Rxd4 Nxe5 19. Rfd1 Ng4 20. Nxh7 Kxh7 21. Bd2 Bc5 22. Nxc5 Qb6 23. b4 cxb3 24. Nxb3 Rac8 25. Qb2 e5 26. Ba5 Qa6 27. R4d2 Ndf6 28. Bxb7 Qxb7 29. Bb4 Ne4 30. Re2 Nexf2 31. Rxf2 Nxf2 32. Qxf2 e4 33. Rf1 f5 34. Qe2 e3 35. Nc5 Qd5 36. Re1 Rxc5 37. Bxc5 Qxc5 38. Rd1 Qc3 39. Rd7+ Kh6 40. h4 Qxa3 41. g4 Qc1+ 42. Kg2 Qc6+ 43. Kg3 Qxd7 44. g5+ Kg7 45. Qc2 Qd5 46. Qb2+ Qe5+ 47. Qxe5+ Rxe5 48. Kf4 Re4+ 0-1


[Site "https://www.chess.com"]

[Event "Titled Tuesday Blitz October 11 Early 2022"]
[White "Sowul, Bartosz"]
[Black "Tologon tegin, Semetei"]
[WhiteFideId "1137590"]
[BlackFideId "13800574"]
[WhiteElo "2188"]
[BlackElo "2282"]
[Result "0-1"]
[Round "10"]
[TimeControl "180+1"]
[Date "2022.10.12"]
[WhiteClock "0:00:15"]
[BlackClock "0:00:20"]

1. e4 e5 2. Nf3 Nc6 3. Bc4 Bc5 4. c3 Nf6 5. d4 exd4 6. e5 d5 7. Bb5 Ne4 8. cxd4 Bb6 9. Nc3 O-O 10. Be3 Bg4 11. h3 Bh5 12. Qc2 Bg6 13. Qb3 Nxc3 14. bxc3 f6 15. exf6 Rxf6 16. O-O Rxf3 17. gxf3 Ne7 18. c4 c6 19. cxd5 Nxd5 20. Bd3 Qd6 21. f4 Kh8 22. f5 Bc7 23. Rfe1 Qh2+ 24. Kf1 Bh5 25. Be4 Ba5 26. Bxd5 cxd5 27. Qxd5 Bxe1 28. Rxe1 Qxh3+ 29. Qg2 Qxf5 30. d5 Bf3 31. Qh2 Qxd5 32. Bf4 Rf8 33. Be5 Kg8 34. Qg3 Rf7 35. Bxg7 Rxg7 36. Re8+ Kf7 37. Qc7+ Kxe8 38. Qxg7 Qd1# 0-1


[Site "https://www.chess.com"]

[Event "Titled Tuesday Blitz October 11 Early 2022"]
[White "Srihari L R"]
[Black "Rosen, Eric"]
[WhiteFideId "46617116"]
[BlackFideId "2032562"]
[WhiteElo "2336"]
[BlackElo "2362"]
[Result "1-0"]
[Round "10"]
[TimeControl "180+1"]
[Date "2022.10.11"]
[WhiteClock "0:00:02"]
[BlackClock "0:00:02"]

1. d4 d5 2. c4 e6 3. Nc3 Nf6 4. Bg5 Be7 5. e3 O-O 6. Qc2 a6 7. c5 b6 8. cxb6 cxb6 9. Bd3 Bb7 10. Bxf6 Bxf6 11. Bxh7+ Kh8 12. Bd3 Nd7 13. Nf3 Rc8 14. O-O g6 15. Qe2 b5 16. a3 Kg7 17. e4 dxe4 18. Bxe4 Bxe4 19. Nxe4 Nb6 20. Rfd1 Qe7 21. Nc5 Ra8 22. Rac1 Rfd8 23. Ne5 Rd5 24. f4 Rc8 25. Nxa6 Rxd4 26. Qxb5 Rxd1+ 27. Rxd1 Nd5 28. Nc6 Qe8 29. Na7 Qxb5 30. Nxb5 Rc2 31. Nb4 Nxb4 32. axb4 Rxb2 33. Nd6 Rxb4 34. Ne8+ Kh6 35. Nxf6 Rxf4 36. Rf1 Ra4 37. Nd7 f5 38. Nc5 Rc4 39. Nxe6 Rc6 40. Nd4 Rc4 41. Nf3 g5 42. Ne5 Re4 43. Rxf5 Re1+ 44. Kf2 Ra1 45. g4 Ra2+ 46. Kg3 Ra3+ 47. Nf3 Ra1 48. Rxg5 Rd1 49. Rh5+ Kg6 50. Rf5 Rd3 51. h4 Ra3 52. h5+ Kh6 53. Kh4 Ra1 54. g5+ Kg7 55. Kg4 Rh1 56. h6+ Kh7 57. Rf7+ Kg8 58. Rg7+ Kh8 59. Ra7 Rb1 60. Nh4 Rb4+ 61. Kh5 Kg8 62. Rg7+ Kf8 63. Ng6+ Ke8 64. h7 1-0


[Site "https://www.chess.com"]

[Event "Titled Tuesday Blitz October 11 Early 2022"]
[White "Subelj, Jan"]
[Black "Durarbayli, Vasif"]
[WhiteFideId "14618583"]
[BlackFideId "13402935"]
[WhiteElo "2394"]
[BlackElo "2586"]
[Result "0-1"]
[Round "10"]
[TimeControl "180+1"]
[Date "2022.10.11"]
[WhiteClock "0:00:08"]
[BlackClock "0:00:11"]

1. e4 g6 2. d4 Bg7 3. c3 d6 4. Nf3 Nf6 5. Bd3 O-O 6. h3 Nc6 7. O-O e5 8. Re1 h6 9. Nbd2 Nh5 10. Nc4 Kh7 11. Bc2 Bd7 12. a4 a5 13. Be3 Qc8 14. Qd2 exd4 15. Nxd4 Ne5 16. Qe2 Nxc4 17. Qxc4 Be5 18. Nf3 Be6 19. Qe2 Nf4 20. Qd2 Nxg2 21. Nxe5 Nxe1 22. Rxe1 dxe5 23. Bxh6 Rh8 24. Bg5 Kg8 25. h4 Kg7 26. f4 f6 27. f5 fxg5 28. Qxg5 Bf7 29. Bb3 Ra6 30. Bxf7 Kxf7 31. Rf1 Kg7 32. Qe7+ Kh6 33. Qg5+ Kh7 34. Qe7+ Kg8 35. f6 Qg4+ 36. Kf2 Qf4+ 37. Ke2 Qxe4+ 38. Kd1 Rd6+ 39. Kc1 Qe3+ 40. Kb1 Qd3+ 41. Ka2 Qc4+ 42. Ka3 Qf7 0-1


[Site "https://www.chess.com"]

[Event "Titled Tuesday Blitz October 11 Early 2022"]
[White "Tania, Sachdev"]
[Black "Liu, Xiangyi"]
[WhiteFideId "5007844"]
[BlackFideId "8605718"]
[WhiteElo "2306"]
[BlackElo "2323"]
[Result "0-1"]
[Round "10"]
[TimeControl "180+1"]
[Date "2022.10.12"]
[WhiteClock "0:00:03"]
[BlackClock "0:00:07"]

1. d4 Nf6 2. c4 g6 3. Nc3 d5 4. Bg5 Ne4 5. Bh4 Nxc3 6. bxc3 Bg7 7. e3 O-O 8. Nf3 Be6 9. cxd5 Bxd5 10. Be2 c5 11. O-O Nc6 12. Qc2 cxd4 13. cxd4 Rc8 14. Qa4 Re8 15. Rab1 Qd7 16. Rfd1 h6 17. Qa3 b6 18. Ba6 Rcd8 19. Bg3 Qf5 20. Bb5 Rc8 21. Nd2 Red8 22. Ba6 Ra8 23. Bd3 Qe6 24. e4 Nxd4 25. exd5 Qg4 26. d6 exd6 27. Nf1 Rac8 28. h3 Qe6 29. Ne3 Rc7 30. Qb4 Rdc8 31. Re1 Bf8 32. Nc4 Qd5 33. Nxd6 Rd8 34. Qb5 Rxd6 35. Qxd5 Rxd5 36. Bxc7 Ne6 37. Bc4 Nxc7 38. Bxd5 Nxd5 39. Re8 Kg7 40. Rd1 Nf6 41. Ra8 a5 42. Rb8 Bc5 43. a4 Ne4 44. Rd3 Nxf2 0-1


[Site "https://www.chess.com"]

[Event "Titled Tuesday Blitz October 11 Early 2022"]
[White "Tarasova, Viktoriya"]
[Black "Hanley, Craig A"]
[WhiteFideId "4175840"]
[BlackFideId "408514"]
[WhiteElo "2182"]
[BlackElo "2439"]
[Result "1/2-1/2"]
[Round "10"]
[TimeControl "180+1"]
[Date "2022.10.12"]
[WhiteClock "0:00:06"]
[BlackClock "0:00:02"]

1. d4 Nf6 2. c4 g6 3. Nc3 d5 4. cxd5 Nxd5 5. g3 Bg7 6. Bg2 Nxc3 7. bxc3 c5 8. e3 O-O 9. Ne2 Nc6 10. O-O Qc7 11. d5 Rd8 12. Qc2 Na5 13. e4 b5 14. Bf4 Qb6 15. Rab1 a6 16. Be3 Nc4 17. Bg5 Qc7 18. Rbd1 h6 19. Bc1 e6 20. Nf4 e5 21. Nd3 Bg4 22. f3 Bd7 23. f4 Rac8 24. f5 b4 25. Nf2 Qa5 26. Ng4 g5 27. Qe2 Nd6 28. c4 f6 29. h4 Nf7 30. hxg5 Nxg5 31. Bxg5 hxg5 32. Bf3 Qb6 33. Kg2 a5 34. Rh1 Be8 35. Ne3 b3 36. Rb1 a4 37. Bh5 Rb8 38. Bxe8 Rxe8 39. Qh5 Qb4 40. Qh7+ Kf8 41. Rb2 Qc3 42. Re2 bxa2 43. Qg6 Rb2 44. Rh7 Rxe2+ 45. Kh3 Re7 46. Rxg7 Rxg7 47. Qxf6+ Kg8 48. Qd8+ Kh7 49. Ng4 Rh2+ 50. Kxh2 Rb7 51. Nf6+ Kg7 52. Ne8+ Kh7 53. Nf6+ Kg7 54. Ne8+ Kh7 55. Nf6+ 1/2-1/2


[Site "https://www.chess.com"]

[Event "Titled Tuesday Blitz October 11 Early 2022"]
[White "Terry, Renato"]
[Black "Ibarra Jerez, Jose Carlos"]
[WhiteFideId "3803457"]
[BlackFideId "2226332"]
[WhiteElo "2577"]
[BlackElo "2627"]
[Result "1/2-1/2"]
[Round "10"]
[TimeControl "180+1"]
[Date "2022.10.11"]
[WhiteClock "0:03:01"]
[BlackClock "0:02:54"]

1. d4 Nf6 2. Nf3 g6 3. Bg5 Bg7 4. c3 O-O 5. Nbd2 d6 6. e4 c5 7. dxc5 dxc5 8. Bc4 Nc6 9. Qe2 h6 10. Bh4 Qc7 1/2-1/2


[Site "https://www.chess.com"]

[Event "Titled Tuesday Blitz October 11 Early 2022"]
[White "Timofeev, Artyom"]
[Black "Zou, Chen"]
[WhiteFideId "4140419"]
[BlackFideId "8610959"]
[WhiteElo "2579"]
[BlackElo "2325"]
[Result "1/2-1/2"]
[Round "10"]
[TimeControl "180+1"]
[Date "2022.10.11"]
[WhiteClock "0:00:20"]
[BlackClock "0:00:12"]

1. e4 e5 2. Nf3 Nc6 3. Bb5 Nf6 4. O-O Nxe4 5. d4 Nd6 6. Bxc6 dxc6 7. dxe5 Nf5 8. Qxd8+ Kxd8 9. Nc3 Ke8 10. h3 h5 11. g3 Ne7 12. Kg2 Ng6 13. Re1 Bb4 14. Bd2 Bxc3 15. Bxc3 Be6 16. Ng5 Nf8 17. f4 Bd5+ 18. Kf2 Ne6 19. Nf3 g6 20. b3 Rd8 21. Rad1 h4 22. Nxh4 Nxf4 23. e6 Nxh3+ 24. Kf1 Rh5 25. exf7+ Kxf7 26. Rd4 Re8 27. Rxe8 Kxe8 28. Nxg6 Rg5 29. Rh4 Rxg6 30. Rxh3 Be4 31. Rh8+ Kd7 32. Be5 Bxc2 33. Kf2 Ke6 34. Bxc7 Bb1 35. a3 Ba2 36. b4 Kd5 37. Rb8 b5 38. Ra8 Kc4 39. Rxa7 Bb1 40. Bf4 Be4 41. Ke3 Bd5 42. Be5 Re6 43. Kf4 Re8 44. g4 Rf8+ 45. Kg5 Kd3 46. Bg7 Rf1 47. Re7 Rg1 48. Kf4 Rf1+ 49. Kg5 Rg1 50. Kh4 Rh1+ 51. Kg3 Rg1+ 52. Kh3 Rh1+ 53. Kg3 Rg1+ 54. Kf2 Rxg4 55. Be5 Re4 56. Bd6 Rxe7 57. Bxe7 Kc4 58. Bc5 Kb3 59. Ke3 Kxa3 60. Kd4 Ka4 61. Ke5 Ka3 62. Kd6 Ka4 63. Kc7 Ka3 64. Kb6 Ka4 65. Kc7 Ka3 66. Kb6 Ka4 67. Kc7 1/2-1/2


[Site "https://www.chess.com"]

[Event "Titled Tuesday Blitz October 11 Early 2022"]
[White "Urazayev, Arystanbek"]
[Black "Kamsky, Gata"]
[WhiteFideId "13709810"]
[BlackFideId "2000024"]
[WhiteElo "2441"]
[BlackElo "2666"]
[Result "1/2-1/2"]
[Round "10"]
[TimeControl "180+1"]
[Date "2022.10.11"]
[WhiteClock "0:00:09"]
[BlackClock "0:00:09"]

1. d4 f5 2. e4 fxe4 3. Nc3 Nf6 4. Bg5 g6 5. h4 d5 6. h5 Rg8 7. hxg6 hxg6 8. f3 Bf5 9. g4 Be6 10. Bxf6 exf6 11. fxe4 Bb4 12. Qd3 dxe4 13. Qb5+ Nc6 14. O-O-O Bxc3 15. bxc3 Qd5 16. Qxd5 Bxd5 17. c4 Bf7 18. c3 O-O-O 19. Rh7 Be6 20. Be2 Rd7 21. Rh6 Na5 22. d5 Bf7 23. Rf1 Rd6 24. Nh3 c6 25. Ng5 fxg5 26. Rxf7 cxd5 27. cxd5 Rxd5 28. Rhh7 Kb8 29. Re7 Rc8 30. c4 Rdc5 31. Kd2 R5c7 32. Rxc7 Rxc7 33. Rh8+ Rc8 34. Rxc8+ Kxc8 35. Ke3 Kd7 36. Kxe4 Kd6 37. c5+ Kxc5 38. Ke5 Nc6+ 39. Kf6 Nd4 40. Bd1 b5 41. Kxg5 a5 42. Kxg6 Nc6 43. Kf6 Kd4 44. g5 Ne5 45. Be2 b4 46. Bd1 Ke4 47. Ba4 Kd4 48. Bc2 Kd5 49. Kf5 Kd4 50. Ba4 Kd5 51. Bd1 Kd4 52. Bb3 Nf3 53. Kf4 Nxg5 54. Kxg5 Kc3 55. Kf4 Kb2 56. Ke3 a4 57. Bf7 b3 58. axb3 axb3 59. Bxb3 1/2-1/2


[Site "https://www.chess.com"]